 Dungeon Crawl Stone Soup version 0.17.0-18-gaab0e96 (webtiles) character file.

647 4thArraOfDagon the Ruffian (level 7, -5/62 HPs)
             Began as a Minotaur Monk on Nov 11, 2015.
             Slain by a sky beast (6 damage)
             ... on level 7 of the Dungeon.
             The game lasted 00:07:55 (1283 turns).

4thArraOfDagon the Ruffian (Minotaur Monk)          Turns: 1283, Time: 00:07:55

Health: -5/62      AC: 10    Str: 15    XL:     7   Next: 27%
Magic:  6/6        EV:  8    Int:  9    God:
Gold:   204        SH:  0    Dex: 13    Spells: 0 memorised, 6 levels left

rFire  . . .     SeeInvis .       - Unarmed
rCold  . . .     Clarity  .     k - +2 chain mail {rN+}
rNeg   + . .     SustAt   .     (no shield)
rPois  .         Gourm    .     (helmet restricted)
rElec  .         Spirit   .     (no cloak)
rCorr  .         Warding  .     (no gloves)
rMut   .         Stasis   .     (no boots)
MR     +....                    (no amulet)
Stlth  ..........               d - ring of protection from magic
                                p - ring of loudness

@: very slightly contaminated, somewhat resistant to hostile enchantments,
extremely unstealthy
A: retaliatory headbutt, horns 2
a: no special abilities


You were on level 7 of the Dungeon.
You were not hungry.

You visited 2 branches of the dungeon, and saw 10 of its levels.

You collected 204 gold pieces.

Inventory:

Armour
 k - a +2 chain mail of positive energy (worn)
 q - the +4 leather armour "Haomigiz" {rF+ Str+2, unknown}
   (You found it on level 4 of the Dungeon)

   It affects your strength (+2).
   It protects you from fire.
Jewellery
 d - a ring of protection from magic (right hand)
 p - a ring of loudness (left hand)
Wands
 a - a wand of teleportation (0)
 i - a wand of random effects (7)
 j - a wand of random effects (22)
 r - a wand of random effects (8)
Scrolls
 c - a scroll of recharging
 o - a scroll of teleportation {unknown}
Comestibles
 b - 2 bread rations
 f - 3 beef jerkies
 g - a fruit


   Skills:
 + Level 5.9 Fighting
 + Level 5.4 Dodging
 - Level 1.5 Stealth
 * Level 7.6 Unarmed Combat


You had 6 spell levels left.
You didn't know any spells.

Dungeon Overview and Level Annotations

Branches:
Dungeon (9/15)             Temple (1/1) D:6            Lair (0/8) D:8
    Orc: D:9-12

Altars:
Ashenzari
Dithmenos
Elyvilon
Fedhas
Kikubaaqudgha
Makhleb
Okawaru
Qazlal
Ru
Sif Muna
Trog
Vehumet
Xom
Yredelemnul
Zin
The Shining One

Shops:
D:9 :

Annotations:
D:7 4thArraOfDagon's ghost, novice MiMo


Innate Abilities, Weirdness & Mutations

You reflexively headbutt those who attack you in melee.
You have a pair of horns on your head.


Message History

* * * LOW HITPOINT WARNING * * *
The orc barely misses you.
You barely miss something. Your headbutt misses something.
The hound skeleton bites you.
* * * LOW HITPOINT WARNING * * *
Something hits you but does no damage. The orc hits you but does no damage.
Unknown command.
You closely miss something. You headbutt something.
The hound skeleton barely misses you. Something hits you but does no damage.
Unknown command.
You closely miss something. Your headbutt misses something.
The hound skeleton bites you but does no damage.
The orc closely misses you.
Unknown command.
You closely miss something. Your headbutt misses something.
The hound skeleton bites you but does no damage.
Something hits you.
* * * LOW HITPOINT WARNING * * *
Something shocks you.
You die...

#...#
......
......#
#......#
#......#
#......#
♣♣♣♣♣
♣..@♣
♣..o{Z♣
♣.....♣
♣♣.....
.♣?♣♣.♣
♣♣♣♣ .♣
♣. ♣. ..
.W


You could see an orc and a hound skeleton.

Vanquished Creatures
  A water moccasin (D:8)
  An ogre (D:6)
  A crocodile (D:8)
  2 giant frogs (D:7)
  A scorpion (D:4)
  An iguana (D:4)
  2 worker ants
  Jessica (D:3)
  Terence (D:3)
  A worker ant zombie (D:6)
  An adder (D:6)
  A shadow imp (D:7)
  An orc (D:4)
  7 bats
  2 giant cockroaches
  2 goblins (D:1)
  A hobgoblin (D:3)
  A jackal (D:7)
  2 giant geckos (D:3)
  A giant newt (D:1)
  A kobold (D:1)
  2 rats
34 creatures vanquished.

Notes
Turn   | Place    | Note
--------------------------------------------------------------
     0 | D:1      | 4thArraOfDagon the Minotaur Monk began the quest for the Orb.
     0 | D:1      | Reached XP level 1. HP: 19/19 MP: 0/0
   147 | D:1      | Reached XP level 2. HP: 24/27 MP: 1/1
   157 | D:1      | You fall through a shaft!
   161 | D:2      | Found a shadowy altar of Dithmenos.
   232 | D:3      | Noticed Jessica
   250 | D:3      | Killed Jessica
   250 | D:3      | Reached skill level 5 in Unarmed Combat
   250 | D:3      | Reached XP level 3. HP: 24/33 MP: 2/2
   282 | D:3      | Found a radiant altar of Vehumet.
   282 | D:3      | Found a glowing golden altar of the Shining One.
   282 | D:3      | Found a sacrificial altar of Ru.
   282 | D:3      | Found a glowing silver altar of Zin.
   282 | D:3      | Noticed Terence
   288 | D:3      | Found an iron altar of Okawaru.
   288 | D:3      | Found an ancient bone altar of Kikubaaqudgha.
   305 | D:3      | Killed Terence
   379 | D:3      | Reached XP level 4. HP: 33/40 MP: 3/3
   556 | D:4      | Reached skill level 6 in Unarmed Combat
   556 | D:4      | Reached XP level 5. HP: 34/47 MP: 4/4
   560 | D:4      | Got a turquoise-encrusted leather armour
   566 | D:4      | Found a blossoming altar of Fedhas.
   566 | D:4      | Noticed a centaur
   593 | D:5      | Entered Level 5 of the Dungeon
   598 | D:5      | Found a white marble altar of Elyvilon.
   601 | D:5      | Found a shimmering altar of Xom.
   620 | D:5      | Found a stormy altar of Qazlal.
   648 | D:6      | Found a staircase to the Ecumenical Temple.
   666 | Temple   | Entered the Ecumenical Temple
   709 | D:6      | seriously
   720 | D:6      | Noticed an ogre
   731 | D:6      | Killed an ogre
   731 | D:6      | Reached skill level 5 in Fighting
   731 | D:6      | Reached XP level 6. HP: 51/56 MP: 5/5
   775 | D:6      | Noticed an ogre
   896 | D:7      | Reached skill level 7 in Unarmed Combat
   897 | D:7      | Noticed 4thArraOfDagon's ghost (novice MiMo)
  1043 | D:8      | Found a staircase to the Lair.
  1043 | D:8      | Noticed an elephant
  1095 | D:9      | Noticed a hungry ghost
  1118 | D:9      | Noticed a two-headed ogre
  1132 | D:9      | Found Xungar's Book Boutique.
  1162 | D:8      | Reached skill level 5 in Dodging
  1162 | D:8      | Reached XP level 7. HP: 11/62 MP: 6/6
  1169 | D:8      | Noticed a seven-headed hydra
  1177 | D:8      | Noticed a water moccasin
  1192 | D:8      | Killed a water moccasin
  1280 | D:7      | HP: 3/62 [hound skeleton (2)]
  1283 | D:7      | HP: 1/62 [something (2)]
  1283 | D:7      | Slain by a sky beast

Action                   |  1- 3 |  4- 6 |  7- 9 || total
-------------------------+-------+-------+-------++-------
Melee: Unarmed           |    41 |    65 |    25 ||   131
Evoke: Wand              |       |     5 |     3 ||     8
  Use: Scroll            |     1 |     5 |       ||     6
       Potion            |       |     3 |     3 ||     6
 Stab: Sleeping          |     1 |       |       ||     1
  Eat: Fruit             |       |     4 |       ||     4
